Map: Cyber Forest LE

Players

PeLLy - Winner!

  • Race: Zerg Zerg
  • League: Diamond
  • Spawn Location: 11:00

Nemesis

  • Race: Zerg Zerg
  • League: Platinum
  • Spawn Location: 5:00

VOD

Have the link to the VOD?

Description

Time

  • Played on: Aug. 6, 2019, 4:43 p.m.
  • Length: 10:04
Show
View Real Time Build Order
Export as new Build Order

PeLLy Zerg - Winner!

Build Orders: Hatch First 

Get SALT Encoding   

  12  0:01  Drone  
  13  0:12  Overlord  
  13  0:18  Drone  
  14  0:31  Drone x2  
  16  0:45  Drone  
  17  0:55  Hatchery  
  16  0:58  Drone  
  16  1:02  Drone  
  18  1:12  Extractor  
  18  1:17  Spawning Pool  
  16  1:20  Drone  
  16  1:23  Drone  
  18  1:29  Drone  
  19  1:39  Overlord  
  19  1:51  Drone  
  20  2:02  Drone  
  20  2:07  Queen x2  
  26  2:08  Zergling x2  
  26  2:17  Drone  
  26  2:20  Drone  
  28  2:23  Drone  
  28  2:28  Drone  
  30  2:33  Drone  
  31  2:39  Evolution Chamber  
  31  2:42  Evolution Chamber  
  28  3:03  Roach Warren  
  27  3:09  Drone x4  
  27  3:10  Drone x2  
  27  3:11  Queen  
  35  3:22  Drone  
  35  3:23  Overlord  
  36  3:37  Overlord  
  36  3:39  Overlord  
  36  3:44  Drone x4  
  40  3:48  Extractor  
  40  3:51  Lair  
  40  3:53  Drone  
  40  3:56  Extractor  
  40  3:57  Extractor  
  38  4:06  Drone  
  38  4:07  Drone x4, Hatchery  
  42  4:14  Drone x2  
  42  4:15  Zerg Missile Weapons Level 1  
  44  4:18  Zerg Melee Weapons Level 1  
  44  4:25  Drone x2  
  46  4:39  Drone x4  
  50  4:50  Spine Crawler  
  50  4:51  Roach  
  50  4:52  Roach  
  53  4:54  Roach, Spine Crawler  
  53  4:56  Overlord  
  54  5:02  Roach  
  54  5:03  Roach x2  
  60  5:15  Roach x4  
  68  5:25  Glial Reconstitution  
  68  5:38  Roach  
  68  5:39  Roach x2  
  66  5:48  Roach x3  
  58  6:00  Roach x3  
  64  6:04  Roach  
  64  6:12  Queen x2  
  64  6:14  Overlord x2  
  68  6:21  Hatchery  
  67  6:33  Roach x2  
  67  6:38  Roach x2  
  75  6:41  Zerg Missile Weapons Level 2  
  75  6:43  Zerg Melee Weapons Level 2  
  75  6:45  Hatchery  
  76  6:47  Roach x2  
  78  6:55  Drone  
  79  7:09  Roach  
  79  7:10  Roach  
  79  7:12  Overlord  
  83  7:26  Roach  
  83  7:29  Overlord x3  
  67  7:37  Roach x2  
  67  7:38  Roach x3  
  75  7:47  Roach  
  77  7:55  Roach x2  
  77  7:57  Ravager  
  82  8:07  Queen  
  76  8:23  Roach x9  
  86  8:35  Queen x2  
  86  8:37  Drone x3  
  93  8:42  Queen  
  93  8:47  Ravager  
  97  8:48  Ravager  
  91  9:11  Roach x7  
  91  9:12  Roach x4  
  109  9:23  Ravager  
  111  9:24  Ravager  
  111  9:25  Roach  
  111  9:27  Overlord x2  
  111  9:47  Spore Crawler  
  111  9:48  Hydralisk Den  
  111  9:49  Spore Crawler  
  111  9:51  Spore Crawler  
Show
View Real Time Build Order
Export as new Build Order

Nemesis Zerg 

Build Orders: Hatch First 

Get SALT Encoding   

  12  0:01  Drone  
  13  0:13  Overlord  
  13  0:22  Overlord  
  13  0:25  Drone  
  14  0:32  Drone  
  14  0:35  Drone  
  16  0:58  Hatchery  
  16  1:00  Drone  
  16  1:09  Drone  
  17  1:18  Spawning Pool  
  17  1:23  Drone  
  17  1:26  Drone  
  17  1:31  Extractor  
  17  1:38  Drone  
  18  1:54  Drone  
  19  2:05  Queen  
  19  2:06  Drone  
  19  2:07  Zergling x2  
  23  2:10  Drone  
  23  2:12  Queen  
  23  2:14  Zergling x2  
  27  2:23  Zergling x2  
  27  2:27  Extractor  
  27  2:28  Drone  
  28  2:34  Drone  
  28  2:35  Drone  
  30  2:41  Drone  
  31  2:53  Drone x2  
  33  3:08  Roach Warren  
  32  3:14  Drone x2  
  32  3:15  Drone x2  
  34  3:28  Drone x2  
  34  3:29  Drone  
  36  3:50  Overlord x2  
  36  3:59  Overlord  
  36  4:11  Roach x8  
  52  4:19  Hatchery  
  52  4:20  Roach  
  52  4:21  Roach x2  
  57  4:28  Drone  
  58  4:36  Drone x2  
  60  4:38  Overlord  
  60  4:57  Drone x3  
  60  4:58  Overlord x2  
  63  5:13  Zergling x8  
  67  5:22  Ravager x7  
  67  5:23  Ravager  
  67  5:25  Zergling x2  
  67  5:26  Zergling x4  
  78  5:40  Hatchery  
  56  5:57  Drone  
  56  5:58  Drone x2, Queen  
  55  6:07  Drone x3  
  55  6:11  Lair  
  55  6:14  Zergling x4  
  55  6:15  Drone, Zergling x10  
  61  6:26  Metabolic Boost  
  57  6:37  Extractor  
  57  6:38  Roach x7  
  69  6:42  Extractor  
  69  6:45  Roach x4  
  76  6:49  Drone  
  76  6:52  Drone  
  76  6:54  Roach x2  
  82  7:07  Evolution Chamber  
  81  7:29  Zergling x2  
  75  7:30  Zergling x30  
  80  7:45  Drone  
  80  7:50  Drone x2  
  83  7:57  Spire  
  71  8:17  Zergling x2  
  71  8:18  Zergling x2  
  71  8:19  Roach  
  70  8:20  Roach x5  
  70  8:24  Extractor  
  70  8:26  Zergling x6  
  69  8:30  Roach x3  
  69  8:33  Queen  
  76  8:34  Roach  
  76  8:35  Roach  
  78  8:42  Glial Reconstitution  
  78  8:45  Roach x2  
  78  8:47  Hatchery  
  74  9:07  Roach x11  
  85  9:10  Spine Crawler  
  85  9:11  Spine Crawler  
  85  9:12  Mutalisk  
  66  9:31  Roach  
  66  9:32  Roach x5  
Tags
 
Add a new tag
Caveats
  • Supply blocks, unpowered buildings, or Contaminate may cause inaccurate times.
  • Supply counts are checked every 10 seconds.